 Dungeon Crawl Stone Soup version 0.25.1-2-g60ff931df9 (webtiles) character file.

Game seed: 5664551367545828390

165 DogServant the Firebug (level 5, -5/31 HPs)
             Began as a Tengu Fire Elementalist on Nov 11, 2020.
             Killed by divine providence
             ... invoked by an orc priest
              (12 damage)
             ... on level 4 of the Dungeon.
             The game lasted 00:03:44 (3996 turns).

DogServant the Firebug (Tengu Fire Elementalist)    Turns: 3996, Time: 00:03:44

Health: -5/31      AC:  2    Str:  8    XL:     5   Next: 46%
Magic:  3/9        EV: 13    Int: 16    God:
Gold:   184        SH:  0    Dex: 15    Spells: 7/8 levels left

rFire    . . .     SeeInvis .   t - +0 whip (curse)
rCold    . . .     Gourm    .   (no shield)
rNeg     + . .     Faith    .   a - +0 robe
rPois    .         Spirit   .   (helmet restricted)
rElec    .         Reflect  .   (no cloak)
rCorr    .         Harm     .   (no gloves)
MR       .....                  (boots unavailable)
Stlth    ++........             (no amulet)
HPRegen  0.10/turn              l - ring of positive energy
MPRegen  0.11/turn              (no ring)

@: no status effects
A: beak, talons 3, able to fly
a: Fly


You were on level 4 of the Dungeon.
You were not hungry.

You visited 1 branch of the dungeon, and saw 4 of its levels.

You collected 184 gold pieces.

Inventory:

Hand Weapons
 g - a +0 short sword
 t - a cursed +0 whip (weapon)
 w - a +0 mace of holy wrath
Missiles
 e - 8 atropa-tipped darts (quivered)
 n - 16 poisoned darts
Armour
 a - a +0 robe (worn)
 r - a +0 leather armour
Jewellery
 l - a ring of positive energy (left hand)
Wands
 y - a wand of digging (4)
Scrolls
 b - 2 scrolls of teleportation
 d - a scroll of blinking {unknown}
 f - 2 scrolls of remove curse {unknown}
 h - a scroll of random uselessness {unknown}
 i - 6 scrolls of identify {unknown}
 k - 2 scrolls of enchant weapon {unknown}
 o - 3 scrolls of amnesia {unknown}
 p - a scroll of magic mapping {unknown}
 v - a scroll of fog {unknown}
Potions
 j - 2 potions of curing {unknown}
 m - 2 potions of haste {unknown}
 q - a potion of flight {unknown}
 u - a potion of heal wounds {unknown}
 x - a potion of berserk rage {unknown}
Comestibles
 c - 4 rations
 s - 3 chunks of flesh


   Skills:
 + Level 2.6 Fighting
 - Level 2.1 Dodging
 - Level 2.0 Stealth
 - Level 2.0 Spellcasting
 + Level 4.0 Conjurations
 + Level 4.6 Fire Magic


You had 7 spell levels left.
You knew the following spells:

 Your Spells              Type           Power        Failure   Level  Hunger
a - Foxfire               Conj/Fire      ###.         3%          1    #......

Your spell library contained the following spells:

 Spells                   Type           Power        Failure   Level  Hunger
 Conjure Flame            Conj/Fire      ###.....     11%         3    ###....
 Inner Flame              Hex/Fire       #.......     24%         3    ###....
 Sticky Flame             Conj/Fire      ###.....     34%         4    #####..
 Fireball                 Conj/Fire      ###.......   67%         5    ######.


Dungeon Overview and Level Annotations

Branches:
Dungeon (4/15)
 Temple: D:4-7

Altars:
Gozag

Annotations:
D:2 1 runed translucent door


Innate Abilities, Weirdness & Mutations

You have a beak for a mouth.
You have claws for feet.
You can fly continuously.


Message History

The orc priest casts a cantrip, but nothing happens.
The orc misses you.
Casting: Foxfire (safe; 3% risk of failure)
Confirm with . or Enter, or press ? or * to list all spells.
You conjure some foxfire!
The orc priest barely misses you. The orc barely misses you.
The foxfire hits the orc priest but does no damage.
The orc priest is almost dead.
The foxfire hits the orc priest but does no damage.
The orc priest is almost dead.
The orc priest mumbles some strange prayers to Beogh against you.
Beogh smites you!
* * * LOW HITPOINT WARNING * * *
The orc completely misses you.
Casting: Foxfire (safe; 3% risk of failure)
Confirm with . or Enter, or press ? or * to list all spells.
You conjure some foxfire!
The orc priest mumbles some strange prayers to Beogh against you.
Beogh smites you!
You die...

.#.## #.##.# ###.#
#.##.# .#.## #.##.#
#..#########.##.#
..........##.##.#
##.######.##.##.# #.#
#.##....# #.#
#.##.#.v####.#..
#.######.##..ยง.@oo.....
#............#vo###!###
##...........###.(..
....#####.##..#..###
..........###...##
########### ####


You could see an orc priest, an orc wizard and an orc.

Vanquished Creatures
  An orc wizard (D:3)
  5 adders
  3 worms
  A dart slug (D:3)
  2 leopard geckos
  6 orcs
  3 ball pythons
  5 giant cockroaches
  4 goblins
  5 hobgoblins
  7 jackals
  A quokka (D:4)
  10 bats
  5 frilled lizards
  8 kobolds
  8 rats
74 creatures vanquished.

Vanquished Creatures (others)
  240 foxfires
240 creatures vanquished.

Grand Total: 314 creatures vanquished

Notes
Turn   | Place    | Note
-------+----------+-------------------------------------------
     0 | D:1      | DogServant the Tengu Fire Elementalist began the quest for
                  | the Orb.
     0 | D:1      | Reached XP level 1. HP: 10/10 MP: 4/4
   449 | D:1      | Reached XP level 2. HP: 16/16 MP: 3/6
   806 | D:1      | Reached skill level 1 in Fighting
  1220 | D:1      | Reached XP level 3. HP: 20/20 MP: 3/7
  2102 | D:2      | Reached XP level 4. HP: 26/26 MP: 4/8
  2614 | D:2      | Found a runed translucent door.
  2979 | D:3      | Found an opulent altar of Gozag.
  2997 | D:3      | Gained mutation: You can fly continuously. [Tengu growth]
  2997 | D:3      | Reached XP level 5. HP: 30/30 MP: 6/9
  3996 | D:4      | Killed from afar by an orc priest

Illustrated notes

Levels and vault maps discovered:
D:1:      lightli_arrival_isolated_outpost, layout_basic, minmay_pentomino_x4
D:2:      layout_loops_ring, uniq_crazy_yiuf_cottage
D:3:      kennysheep_six_static_rooms, layout_basic, nicolae_gozag_seed_capital
D:4:      layout_loops_ring, first_ration, nicolae_ossuary_entry_catacombs,
          serial_undead, serial_undead_a, serial_undead_f, serial_undead_b,
          serial_undead_f, corexii_hall_statues_u, minivault_14

Skill      XL: |  1  2  3  4  5 |
---------------+----------------+-----
Conjurations   | 2 3 4 |  4.0
Fighting       | 1 2 |  2.6
Fire Magic     | 4 |  4.6
Dodging        | |  2.1
Stealth        | |  2.0
Spellcasting   | |  2.0

Action                   |  1- 3 |  4- 6 || total
-------------------------+-------+-------++-------
Melee: Short sword       |     5 |    14 ||    19
       Kick              |     1 |     4 ||     5
       Peck              |       |     4 ||     4
       Whip              |       |     4 ||     4
 Cast: Foxfire           |    72 |    87 ||   159
  Use: Scroll            |       |     1 ||     1
 Stab: Sleeping          |       |     1 ||     1
  Eat: Chunk             |     5 |     7 ||    12
Armor: Robe              |     3 |     5 ||     8
Dodge: Dodged            |    22 |    30 ||    52
